 Dungeon Crawl Stone Soup version 0.31-a0-986-g5e6e4ef867 (webtiles) character file.

Game seed: 5073495317835240154

44 zenocrate the Chiller (level 3, -1/26 HPs)
             Began as a Demigod Ice Elementalist on Nov 17, 2023.
             Slain by an orc wizard
             ... wielding a +0 dagger
              (2 damage)
             ... on level 3 of the Dungeon.
             The game lasted 00:02:09 (1614 turns).

zenocrate the Chiller (Demigod Ice Elementalist)    Turns: 1614, Time: 00:02:11

Health: -1/26      AC:  5    Str:  9    XL:     3   Next: 23%
Magic:  5/9        EV: 12    Int: 21    God:
Gold:   11         SH:  0    Dex: 14    Spells: 2/6 levels left

rFire   . . .        a - +0 double sword
rCold   . . .        (no shield)
rNeg    . . .        d - +0 robe
rPois   .            e - +0 helmet
rElec   .            (no cloak)
rCorr   .            f - +1 pair of gloves
SInv    .            (no boots)
Will    .....        (no amulet)
Stlth   ++           (no ring)
HPRegen 0.24/turn    (no ring)
MPRegen 0.11/turn

%: no passive effects
@: no status effects
A: high MP 1, forlorn, divine attributes
a: no special abilities


You were on level 3 of the Dungeon.
You visited 1 branch of the dungeon, and saw 3 of its levels.

You collected 43 gold pieces.
You spent 32 gold pieces at shops.

Inventory:

Hand Weapons
 a - a +0 double sword (weapon)
Armour
 d - a +0 robe (worn)
 e - a +0 helmet (worn)
 f - a +1 pair of gloves (worn)
Scrolls
 g - 2 scrolls of immolation {unknown}
 h - 2 scrolls of fear {unknown}
 i - a scroll of blinking {unknown}
 j - a scroll of teleportation {unknown}
 k - a scroll of revelation {unknown}
Potions
 b - 3 potions of magic
 c - a potion of might {unknown}


   Skills:
 + Level 1.1 Long Blades
 - Level 1.7 Dodging
 - Level 1.7 Stealth
 + Level 2.4 Spellcasting
 + Level 4.1 Ice Magic


You had 2 spell levels left.
You knew the following spells:

 Your Spells              Type           Power      Damage    Failure   Level
a - Freeze                Ice            76%        1d8       2%          1
b - Frozen Ramparts       Ice            38%        1d6       8%          3

Your spell library contained the following spells:

 Spells                   Type           Power      Damage    Failure   Level
 Ensorcelled Hibernation  Hex/Ice        22%        N/A       9%          2
 Passwall                 Tmut/Erth      1%         N/A       22%         2
 Ozocubu's Armour         Ice            19%        N/A       8%          3
 Swiftness                Air            2%         N/A       38%         3
 Summon Ice Beast         Ice/Summ       11%        N/A       52%         4


Dungeon Overview and Level Annotations

Branches:
Dungeon (3/15)

Shops:
D:2 ([*?*


Innate Abilities, Weirdness & Mutations

You have an increased reservoir of magic. (+10% MP)
You shall have no god before yourself.
Your divine heritage dramatically boosts your attributes as you level up.


Message History

The wall freezes the orc wizard.
The wall freezes something.
You hear some strange, mumbled words.
A puff of flame appears from out of thin air!
The puff of flame hits you but does no damage.
The wall freezes the orc wizard.
The wall freezes something.
You hear some strange, mumbled words.
A magic dart appears from out of thin air!
The magic dart hits you.
Unknown command.
Casting: Frozen Ramparts (quite dangerous; 8% risk of failure)
Confirm with . or Enter, or press ? or * to list all spells.
You can't see any susceptible monsters within range! (Use Z to cast anyway.) Unknown command.
Unknown command.
Unknown command.
The wall freezes the orc wizard.
The orc wizard casts a spell.
The orc wizard flickers and vanishes!
The wall freezes something.
You hear some strange, mumbled words.
A puff of flame appears from out of thin air!
The puff of flame hits you.
Unknown command.
The wall freezes something. x2; Something hits you but does no damage.
Unknown command.
The wall freezes something.
The wall freezes something but does no damage.
Something hits you but does no damage.
Unknown command.
Okay, then.
You completely miss something.
The wall freezes something. x2
Something hits you.
There is a strange disturbance nearby!
There is a strange disturbance nearby!
You completely miss something.
The frozen ramparts melt away.
You hear some strange, mumbled words.
A magic dart appears from out of thin air!
The magic dart hits you!
* * * LOW HITPOINT WARNING * * *
Something hits you.
You die...

..........†#.......
..###.....#...# .. .# ..#
#.#+#.#...# .#.###### ###
#.#.#.#...# .....>... ##
##.#.#..#.## ......... .#
#..#.#..#.# #........
.###.##.##.#.# #........
.....#...#.#.######........
.....#._.#.#....@{{....#
.....#...#.###########.#
.....##.##.#........
......#.#.....######
...[#.#.#.##........
....#.#.#.##.#######
....#.#'#.##.#
....#.....##.#
############.#


There were no monsters in sight!

Vanquished Creatures
  3 dart slugs
  An orc (D:3)
  5 endoplasms
  2 goblins
  3 hobgoblins
  4 quokkas (D:1)
  7 ball pythons
  A bat (D:1)
  4 frilled lizards
  3 kobolds
  4 rats
37 creatures vanquished.

Notes
Turn   | Place    | Note
-------+----------+-------------------------------------------
     0 | D:1      | zenocrate the Demigod Ice Elementalist began the quest for
                  | the Orb.
     0 | D:1      | Reached XP level 1. HP: 14/14 MP: 5/5
   469 | D:1      | Reached XP level 2. HP: 20/20 MP: 5/7
  1039 | D:2      | Found Ysumo's Magic Scroll Boutique.
  1070 | D:2      | Found Weyfren's General Store.
  1075 | D:2      | Reached skill level 4 in Ice Magic
  1166 | D:2      | Found the +2 ratskin cloak {*Rats rPois rN+ Str-1 Int-1
                  | Dex+1}
  1182 | D:2      | Found Lookku's Assorted Antiques.
  1192 | D:2      | Bought a scroll labelled YMMACK WUSUWE for 32 gold pieces
  1245 | D:2      | Found Moyfatua's Armour Shoppe.
  1336 | D:2      | Reached skill level 1 in Long Blades
  1336 | D:2      | Reached XP level 3. HP: 20/26 MP: 6/9
  1340 | D:2      | Learned a level 3 spell: Frozen Ramparts
  1363 | D:2      | Found Ubbel's Weapon Boutique.
  1614 | D:3      | HP: 1/26 [something/magic dart (8)]
  1614 | D:3      | Slain by an orc wizard

Illustrated notes

Levels and vault maps discovered:
D:1:      sevenhm_arrival_forest_fort_small_3, layout_basic,
          nicolae_eternal_life, nrook_uturn, nrook_mini_vaults
D:2:      layout_basic, basic_altar, serial_shops,
          nicolae_shop_tiny_statue_garden, nicolae_shop_overgrown_old_shop,
          nicolae_shop_bloodbath_and_beyond, shop, nicolae_shop_rolling_square
D:3:      layout_basic, lemuel_tele_altar, mainiacjoe_overflow_surrounded_room,
          mainiacjoe_overflow_chevrons, serial_shops, shop, minmay_puff

Skill      XL: |  1  2 |
---------------+-------+-----
Spellcasting   | 2 |  2.4
Ice Magic      | 4 |  4.1
Long Blades    | 1 |  1.1
Dodging        | |  1.7
Stealth        | |  1.7

Action                     || total
---------------------------++-------
  Melee: Double sword      ||    56
   Cast: Freeze            ||    24
         Frozen Ramparts   ||     1
   Stab: Sleeping          ||     9
 Armour: Robe              ||    58
  Dodge: Dodged            ||    58

Table legend: (Time is in decaauts)
 A = Elapsed time spent in this place.
 B = Non-inter-level travel time spent in this place.
 C = Inter-level travel time spent in this place.
 D = Time resting spent in this place.
 E = Time spent auto-exploring this place.
 F = Levels seen in this place.
 G = Mean time per level.
                   A        B        C        D        E       F      G
               +--------+--------+--------+--------+--------+-----+--------+
         Total |   1639 |   1554 |     85 |      0 |   1220 |   3 |  546.3 |
       Dungeon |   1639 |   1554 |     85 |      0 |   1220 |   3 |  546.3 |
               +--------+--------+--------+--------+--------+-----+--------+

Top non-repeatable levels by time:
     D:1: 997 daAuts
     D:2: 475 daAuts
     D:3: 166 daAuts
